 Dungeon Crawl Stone Soup version 0.29-a0-234-g0dae59b3db (webtiles) character file.

Game seed: 12701585685194953344

4090 Ajdolov the Geomancer (level 10, -8/56 HPs)
             Began as an Octopode Earth Elementalist on Mar 4, 2022.
             Was an Initiate of Gozag.
             Mangled by an orc warrior
             ... wielding a +0 short sword
              (16 damage)
             ... on level 7 of the Dungeon.
             The game lasted 00:17:38 (9933 turns).

Ajdolov the Geomancer (Octopode Earth Elementalist) Turns: 9933, Time: 00:17:39

Health: -8/56      AC:  1    Str:  9    XL:     10   Next: 26%
Magic:  15/18      EV: 14    Int: 21    God:    Gozag
Gold:   861        SH:  0    Dex: 24    Spells: 12/20 levels left

rFire   . . .      SeeInvis .   j - +2 dagger (venom)
rCold   . . .      Faith    .   (no shield)
rNeg    . . .      Spirit   .   (helmet restricted)
rPois   .          Reflect  .   (no amulet)
rElec   .          Harm     .   i - +6 ring of dexterity
rCorr   .          Rampage  .   p - +6 ring of dexterity
Will    .....                   v - ring of wizardry
Stlth   ++++......              (no ring)
HPRegen 0.18/turn               (no ring)
MPRegen 0.16/turn               (no ring)
                                (no ring)
                                (no ring)

@: no status effects
A: almost no armour, amphibious, 8 rings, camouflage 1, gelatinous body 1,
(nimble swimmer 1), tentacles
a: Renounce Religion, Potion Petition, Call Merchant, Bribe Branch


You were on level 7 of the Dungeon.
You worshipped Gozag.
Gozag was pleased with you.
You visited 2 branches of the dungeon, and saw 9 of its levels.

You collected 902 gold pieces.
You paid 41 gold pieces to Gozag.

Inventory:

Hand Weapons
 j - a +2 dagger of venom (weapon)
Missiles
 a - 201 stones
 A - a throwing net
Armour
 s - a +0 buckler
Magical Staves
 o - a staff of poison
Jewellery
 i - a +6 ring of dexterity (left tentacle)
 p - a +6 ring of dexterity (right tentacle)
 v - a ring of wizardry (on tentacle)
 F - a ring of fire
Wands
 w - a wand of iceblast (8)
 z - a wand of flame (27)
 E - a wand of acid (14)
Scrolls
 b - 3 scrolls of fear {unknown}
 c - a scroll of enchant weapon {unknown}
 e - 7 scrolls of identify {unknown}
 h - 4 scrolls of teleportation {unknown}
 l - a scroll of blinking {unknown}
 m - 3 scrolls of noise {unknown}
 n - 4 scrolls of holy word {unknown}
 u - 2 scrolls of fog {unknown}
 x - a scroll of enchant armour {unknown}
 y - a scroll of amnesia {unknown}
 G - a scroll of vulnerability {unknown}
Potions
 d - 2 potions of heal wounds {unknown}
 f - 2 potions of haste
 g - a potion of lignification {unknown}
 k - a potion of ambrosia {unknown}
 q - 3 potions of degeneration {unknown}
 r - 2 potions of invisibility {unknown}
 t - 2 potions of curing
 B - a potion of flight {unknown}
 C - 3 potions of mutation {unknown}
 D - 2 potions of attraction {unknown}
 H - a potion of might {unknown}


   Skills:
 - Level 2.0 Dodging
 - Level 2.6 Stealth
 + Level 5.7 Spellcasting
 - Level 6.6 Conjurations
 * Level 6.9 Transmutations
 * Level 9.8 Earth Magic


You had 12 spell levels left.
You knew the following spells:

 Your Spells              Type           Power      Damage    Failure   Level
a - Sandblast             Erth           94%        2d19      1%          1
b - Stone Arrow           Conj/Erth      80%        3d12      1%          3
c - Petrify               Tmut/Erth      41%        N/A       1%          4

Your spell library contained the following spells:

 Spells                   Type           Power      Damage    Failure   Level
 Passwall                 Tmut/Erth      34%        N/A       1%          2
 Summon Small Mammal      Summ           20%        N/A       4%          1
 Blink                    Tloc           10%        N/A       6%          2
 Summon Ice Beast         Ice/Summ       5%         N/A       36%         4
 Manifold Assault         Tloc           5%         N/A       69%         5
 Storm Form               Tmut/Air       10%        N/A       100%        7
 Summon Hydra             Summ           2%         N/A       100%        7


Dungeon Overview and Level Annotations

Branches:
Dungeon (8/15)             Temple (1/1) D:4            Lair (0/6) D:8

Altars:
Ashenzari
Cheibriados
Elyvilon
Fedhas
Gozag
Hepliaklqana
Kikubaaqudgha
Makhleb
Nemelex Xobeh
Qazlal
Ru
Sif Muna
Trog
Uskayaw
Vehumet
Wu Jian
Xom
Yredelemnul
Zin
The Shining One

Annotations:
D:3 Robin
D:7 exclusions: boulder beetle and gargoyle


Innate Abilities, Weirdness & Mutations

You cannot wear most types of armour.
You are amphibious.
You can wear up to eight rings at the same time.
Your skin changes colour to match your surroundings (Stealth+).
Your rubbery body absorbs attacks. (AC +1, EV +1)
((You are camouflaged when in or above water. (Stealth+)))
You have tentacles for arms and can constrict up to eight enemies at once.


Message History

The orc priest calls down the wrath of Beogh upon you.
Beogh smites you!
You hear a shout! x2
Things that are here:
a +0 scimitar; a +0 robe
Things that are here:
a +2 dagger of pain; a +0 robe
Casting: Stone Arrow (safe; 1% risk of failure)
Confirm with . or Enter, or press ? or * to list all spells.
Aiming: Stone Arrow (safe; 1% risk of failure)
Press: ? - help, Shift-Dir - straight line, f - orc warrior
Aim: an orc warrior, wielding a +0 short sword and wearing a +0 plate armour (76% to hit)
The stone arrow hits the orc warrior.
The orc warrior is lightly wounded.
The orc priest invokes the aid of Beogh against you.
Beogh smites you!
There is a stone staircase leading up here.
The orc warrior hits you with a +0 short sword.
You climb upwards.
Level annotation: exclusions: boulder beetle and gargoyle
There is a stone staircase leading down here.
Casting: Stone Arrow (safe; 1% risk of failure)
Confirm with . or Enter, or press ? or * to list all spells.
Aiming: Stone Arrow (safe; 1% risk of failure)
Press: ? - help, Shift-Dir - straight line, f - orc warrior
Aim: an orc warrior, wielding a +0 short sword and wearing a +0 plate armour (lightly wounded, 76% to hit)
The stone arrow hits the orc warrior!!
The orc warrior is severely wounded.
The steam dragon hisses angrily.
The orc warrior hits you with a +0 short sword!
The steam dragon breathes steam at you. The ball of steam hits you!!
* * * LOW HITPOINT WARNING * * *
Unknown command.
The orc warrior barely misses you.
Found a sapphire potion.
You feel better.
The orc warrior hits you with a +0 short sword!
You die...
Your body crumbles into a pile of gold.

#.......## #......... #.#
#........# # #.# #
##.##.##.# #! ... .#
##.##.# .# #. #.# #.#
##.##.# .# #........
##.##.##.# #.#.#.#
.........######...# ##.
#.......#.......@####.....
..........######.o§..#
#######............D.#
##########.###.# #.. ...
### ###


You could see a steam dragon (catching breath) and an orc warrior.

Vanquished Creatures
  Pikel (D:4)
  Prince Ribbit (D:5)
  Sigmund (D:5)
  A yak (D:8)
  A steam dragon (D:8)
  A water moccasin (D:6)
  5 black bears
  2 ice beasts
  2 sky beasts
  3 ogres
  A centaur (D:7)
  A kobold brigand (D:7)
  5 scorpions
  2 bullfrogs (D:8)
  2 gnoll sergeants (D:6)
  8 wights
  4 killer bees (D:8)
  An orc priest (D:5)
  Natasha (thrice) (D:2)
  Terence (D:3)
  An orc wizard (D:4)
  5 iguanas
  12 gnolls
  7 adders
  A shadow imp (D:4)
  3 white imps
  An ufetubus (D:5)
  A worm (D:5)
  4 dart slugs
  14 orcs
  An endoplasm (D:1)
  13 goblins
  7 hobgoblins
  2 quokkas
  7 ball pythons
  3 bats
  14 kobolds
  3 rats
145 creatures vanquished.

Vanquished Creatures (others)
  36 fungi (D:8)
  32 plants (D:8)
68 creatures vanquished.

Grand Total: 213 creatures vanquished

Notes
Turn   | Place    | Note
-------+----------+-------------------------------------------
     0 | D:1      | Ajdolov the Octopode Earth Elementalist began the quest for
                  | the Orb.
     0 | D:1      | Reached XP level 1. HP: 11/11 MP: 3/3
   253 | D:1      | Reached XP level 2. HP: 17/17 MP: 1/5
   584 | D:1      | Reached skill level 4 in Earth Magic
   589 | D:1      | Noticed a floating eye
   677 | D:1      | Noticed a golden eye
   679 | D:1      | Found a faded altar of an unknown god.
   681 | D:1      | Noticed a great orb of eyes
   681 | D:1      | Noticed an eye of devastation
   976 | D:1      | Reached XP level 3. HP: 14/21 MP: 6/6
  1297 | D:2      | Noticed Natasha
  1306 | D:2      | Killed Natasha
  1568 | D:2      | Reached XP level 4. HP: 11/27 MP: 7/7
  1572 | D:2      | Learned a level 3 spell: Stone Arrow
  1913 | D:2      | Noticed Natasha
  1923 | D:2      | Killed Natasha
  1924 | D:2      | Reached skill level 1 in Conjurations
  2048 | D:2      | Noticed Natasha
  2061 | D:2      | HP: 1/27 [Natasha (9)]
  2062 | D:2      | Killed Natasha
  2501 | D:2      | Reached XP level 5. HP: 31/31 MP: 8/8
  2685 | D:3      | Noticed Robin
  2960 | D:3      | Found a sacrificial altar of Ru.
  3011 | D:3      | Noticed Terence
  3038 | D:3      | Killed Terence
  3469 | D:4      | Found a staircase to the Ecumenical Temple.
  3505 | D:4      | Noticed a sky beast
  3516 | D:4      | Killed a sky beast
  3517 | D:4      | Reached XP level 6. HP: 26/36 MP: 6/9
  3521 | Temple   | Entered the Ecumenical Temple
  3820 | Temple   | Became a worshipper of Gozag Ym Sagoz the Greedy
  3948 | D:4      | Reached skill level 5 in Earth Magic
  4467 | D:4      | Reached skill level 5 in Conjurations
  4467 | D:4      | Reached XP level 7. HP: 41/41 MP: 3/10
  4573 | D:5      | Entered Level 5 of the Dungeon
  4623 | D:5      | Noticed Sigmund
  4634 | D:5      | Killed Sigmund
  4878 | D:5      | Noticed Pikel
  5301 | D:4      | Killed Pikel
  5302 | D:4      | Reached skill level 6 in Earth Magic
  5302 | D:4      | Reached XP level 8. HP: 38/46 MP: 2/13
  5479 | D:5      | Got the Tome of the Escort
  5608 | D:5      | Learned a level 4 spell: Petrify
  5918 | D:5      | Reached skill level 7 in Earth Magic
  6472 | D:5      | Noticed Prince Ribbit
  6501 | D:5      | Killed Prince Ribbit
  6726 | D:6      | Identified the ring "Upaicy" {Fire Str-5 Int+3 SInv}
  6890 | D:6      | Reached XP level 9. HP: 51/51 MP: 7/15
  7211 | D:6      | Reached skill level 8 in Earth Magic
  7549 | D:6      | Identified the +5 war axe of Compulsion {flame, Str+2}
  8230 | D:7      | Noticed a boulder beetle
  8230 | D:7      | Noticed a gargoyle
  8267 | D:7      | Reached skill level 5 in Transmutations
  8274 | D:7      | Noticed a purple ugly thing
  8297 | D:7      | Identified the +7 spear "Gauxaq" {drain, Str+2}
  8386 | D:8      | Reached skill level 5 in Spellcasting
  8436 | D:8      | Reached skill level 9 in Earth Magic
  8714 | D:8      | Found a staircase to the Lair.
  8718 | D:8      | Reached XP level 10. HP: 56/56 MP: 9/18
  9930 | D:7      | HP: 2/56 [something/ball of steam (18)]
  9933 | D:7      | Mangled by an orc warrior

Illustrated notes

Levels and vault maps discovered:
D:1:      dpeg_arrival_another_circle, layout_basic,
          hellmonk_ecumenical_altar_watching_god, minmay_pentomino_z2
D:2:      layout_basic, uniq_natasha
D:3:      layout_basic, nicolae_ru_sacrificial_ziggurat, minmay_misc_feat_roman,
          uniq_terence, uniq_robin
D:4:      layout_rooms, minmay_temple_entry_glass
D:5:      layout_basic, uniq_pikel, uniq_prince_ribbit1, uniq_sigmund
D:6:      layout_basic
D:7:      minmay_the_grid_octo_triangle [minmay_the_grid_octo_vomiting_pacman,
          minmay_the_grid_octo_prize_ultimate_mussel_roller,
          minmay_the_grid_octo_shrine], layout_loops_ring
D:8:      layout_loops_ring, due_lair_maze_entry_diamond, enter_bailey_4,
          serial_shops, nicolae_lakefront_shop, hangedman_decor_lopped,
          serial_bayou_pond_b, nicolae_take_the_stairs
Temple:   mainiacjoe_temple_bowtie_tessellation

Skill      XL: |  1  2  3  4  5  6  7  8  9 |
---------------+----------------------------+-----
Earth Magic    | 4 5 6 7 9 |  9.8
Conjurations   | 2 4 5 6 |  6.6
Spellcasting   | 3 4 5 |  5.7
Transmutations | 3 6 |  6.9
Dodging        | |  2.0
Stealth        | |  2.6

Action                   |  1- 3 |  4- 6 |  7- 9 | 10-12 || total
-------------------------+-------+-------+-------+-------++-------
Melee: Short sword       |    10 |       |       |       ||    10
       Dagger            |    24 |    56 |    47 |     3 ||   130
       Constrict         |    12 |    13 |    15 |     1 ||    41
       Tentacles         |     8 |    13 |    11 |     1 ||    33
       Punch             |       |     3 |       |       ||     3
 Cast: Sandblast         |     9 |    10 |    24 |    18 ||    61
       Stone Arrow       |       |     1 |    77 |    24 ||   102
  Use: Potion            |       |       |       |     4 ||     4
 Stab: Sleeping          |     4 |    10 |     5 |       ||    19
Armor: Skin              |     5 |     2 |     3 |     3 ||    13
Dodge: Dodged            |    13 |    31 |    51 |     8 ||   103

Table legend: (Time is in decaauts)
 A = Elapsed time spent in this place.
 B = Non-inter-level travel time spent in this place.
 C = Inter-level travel time spent in this place.
 D = Time resting spent in this place.
 E = Time spent auto-exploring this place.
 F = Levels seen in this place.
 G = Mean time per level.
                   A        B        C        D        E       F      G
               +--------+--------+--------+--------+--------+-----+--------+
         Total |   9923 |   9640 |    283 |   1945 |   5967 |   9 | 1102.6 |
       Dungeon |   9598 |   9351 |    247 |   1872 |   5765 |   8 | 1199.8 |
        Temple |    324 |    288 |     36 |     73 |    202 |   1 |  324.0 |
               +--------+--------+--------+--------+--------+-----+--------+

Top non-repeatable levels by time:
     D:5: 1577 daAuts
     D:8: 1561 daAuts
     D:6: 1432 daAuts
     D:2: 1321 daAuts
     D:1: 1267 daAuts
     D:3: 1092 daAuts
     D:4: 1036 daAuts
  Temple: 324 daAuts
     D:7: 310 daAuts
